3A
BELLEVILLE BULLS @ MYRTLE BEACH SEAHAWKS
08/30/2028
 
TOP OF THE 1ST
Belleville Bulls batting - Pitching for Myrtle Beach Seahawks : LHP Carlos González
Pitching: LHP Carlos González
Batting: RHB Vicente Mena 0-0: Ball
1-0: Called Strike
1-1: Ground out 4-3 (Groundball, 4)
Batting: LHB Tony Rodríguez 0-0: Swinging Strike
0-1: Swinging Strike
0-2: Ball
1-2: Strikes out swinging
Batting: LHB José Gómez 0-0: Reached on error, E5 (Groundball, 56S)
Batting: LHB Walt Lathon 0-0: Called Strike
0-1: Ground out 1-3 (Groundball, 15)
Top of the 1st over - 0 run(s), 0 hit(s), 1 error(s), 1 left on base; Belleville 0 - Myrtle Beach 0
BOTTOM OF THE 1ST
Myrtle Beach Seahawks batting - Pitching for Belleville Bulls : LHP Norberto Rodríguez
Pitching: LHP Norberto Rodríguez
Batting: RHB Reece Cockin 0-0: Fly out, F8 (Line Drive, 8LM)
Batting: RHB Francisco Moreno 0-0: Called Strike
0-1: Ball
1-1: Swinging Strike
1-2: Strikes out looking
Batting: RHB Aquiles Morda 0-0: Ball
1-0: Ball
2-0: Foul Ball, location: 2F
2-1: Foul Ball, location: 2F
2-2: SINGLE (Groundball, 34D)
Batting: SHB Quentin Harrop 0-0: Ball
1-0: DOUBLE (Line Drive, 8RXD)
Aquiles Morda to third
Runner from 3rd tries for Home, SAFE, no throw
Batting: RHB Melvin Aikey 0-0: Swinging Strike
0-1: Swinging Strike
0-2: Ball
1-2: Ball
2-2: Foul Ball, location: 2F
2-2: Strikes out swinging
Bottom of the 1st over - 1 run(s), 2 hit(s), 0 error(s), 1 left on base; Belleville 0 - Myrtle Beach 1
TOP OF THE 2ND
Belleville Bulls batting - Pitching for Myrtle Beach Seahawks : LHP Carlos González
Batting: RHB Alejandro Serrato 0-0: Foul Ball, location: 2F
0-1: DOUBLE (Line Drive, 9LS)
Batting: RHB Leonardo Sotelo 0-0: Foul Ball, location: 2F
0-1: Ball
1-1: Foul Ball, location: 2F
1-2: Strikes out looking
Batting: RHB Bartho Simonse 0-0: Ball
1-0: Foul Ball, location: 2F
1-1: Fly out, F9 (Flyball, 9LS)
Batting: RHB Eric Harvey 0-0: Ball
1-0: Foul Ball, location: 2F
1-1: Ball
2-1: Swinging Strike
2-2: Strikes out looking
Top of the 2nd over - 0 run(s), 1 hit(s), 0 error(s), 1 left on base; Belleville 0 - Myrtle Beach 1
BOTTOM OF THE 2ND
Myrtle Beach Seahawks batting - Pitching for Belleville Bulls : LHP Norberto Rodríguez
Batting: LHB Peter Ough 0-0: Called Strike
0-1: Ball
1-1: Ball
2-1: Ground out U3 (Groundball, 3S)
Batting: RHB Doug Allerdale 0-0: SINGLE (Line Drive, 34D)
Batting: RHB Juan Mata 0-0: DOUBLE (Line Drive, 78D)
Doug Allerdale to third
Runner from 3rd tries for Home, SAFE, no throw
Batting: RHB Howard Lee 0-0: Called Strike
0-1: Ball
1-1: Ball
2-1: Ground out 6-3 (Groundball, 6M)
Juan Mata to third
Batting: RHB Reece Cockin 0-0: Ball
1-0: Foul Ball, location: 2F
1-1: Fly out, F7 (Flyball, 7)
Bottom of the 2nd over - 1 run(s), 2 hit(s), 0 error(s), 1 left on base; Belleville 0 - Myrtle Beach 2
TOP OF THE 3RD
Belleville Bulls batting - Pitching for Myrtle Beach Seahawks : LHP Carlos González
Batting: RHB Júlio Robles 0-0: Called Strike
0-1: Fly out, F5 (Line Drive, 5)
Batting: RHB Vicente Mena 0-0: Ball
1-0: Ball
2-0: Ball
3-0: Called Strike
3-1: Base on Balls
Batting: LHB Tony Rodríguez 0-0: Ball
1-0: Swinging Strike
1-1: Ball
2-1: Fly out, F4 (Line Drive, 4)
Batting: LHB José Gómez 0-0: Ball
1-0: Fielders Choice at 2nd, 6-4 (Groundball, 6)
Top of the 3rd over - 0 run(s), 0 hit(s), 0 error(s), 0 left on base; Belleville 0 - Myrtle Beach 2
BOTTOM OF THE 3RD
Myrtle Beach Seahawks batting - Pitching for Belleville Bulls : LHP Norberto Rodríguez
Batting: RHB Francisco Moreno 0-0: Foul Ball, location: 2F
0-1: Ball
1-1: Called Strike
1-2: Strikes out looking
Batting: RHB Aquiles Morda 0-0: Called Strike
0-1: Ball
1-1: Called Strike
1-2: Foul Ball, location: 2F
1-2: Foul Ball, location: 2F
1-2: Ball
2-2: Ball
3-2: Strikes out swinging
Batting: SHB Quentin Harrop 0-0: Foul Ball, location: 2F
0-1: SINGLE (Flyball, 78S)
Batting: RHB Melvin Aikey 0-0: Called Strike
0-1: Ball
1-1: Ball
2-1: Called Strike
2-2: Strikes out swinging
Bottom of the 3rd over - 0 run(s), 1 hit(s), 0 error(s), 1 left on base; Belleville 0 - Myrtle Beach 2
TOP OF THE 4TH
Belleville Bulls batting - Pitching for Myrtle Beach Seahawks : LHP Carlos González
Batting: LHB Walt Lathon 0-0: Foul Ball, location: 2F
0-1: Ground out U3 (Groundball, 34)
Batting: RHB Alejandro Serrato 0-0: Ball
1-0: Swinging Strike
1-1: Foul Ball, location: 2F
1-2: Ball
2-2: Foul Ball, location: 2F
2-2: Fly out, F8 (Flyball, 8LS)
Batting: RHB Leonardo Sotelo 0-0: Foul Ball, location: 2F
0-1: Swinging Strike
0-2: Ball
1-2: Ball
2-2: Ball
3-2: Strikes out swinging
Top of the 4th over - 0 run(s), 0 hit(s), 0 error(s), 0 left on base; Belleville 0 - Myrtle Beach 2
BOTTOM OF THE 4TH
Myrtle Beach Seahawks batting - Pitching for Belleville Bulls : LHP Norberto Rodríguez
Batting: LHB Peter Ough 0-0: Swinging Strike
0-1: Called Strike
0-2: SINGLE (Line Drive, 8RS)
Batting: RHB Doug Allerdale 0-0: Called Strike
0-1: Foul Ball, location: 2F
0-2: Ball
Peter Ough steals 2nd base
1-2: Strikes out swinging
Batting: RHB Juan Mata 0-0: SINGLE (Flyball, 7LS)
Peter Ough to third
Runner from 3rd tries for Home, SAFE, no throw
Batting: RHB Howard Lee 0-0: Foul Ball, location: 2F
0-1: Foul Ball, location: 2F
0-2: SINGLE (Groundball, 6MD)
Juan Mata to second
Batting: RHB Reece Cockin 0-0: Called Strike
0-1: Swinging Strike
0-2: Foul Ball, location: 2F
0-2: Strikes out swinging
Batting: RHB Francisco Moreno 0-0: Ground out 1-3 (Groundball, P)
Bottom of the 4th over - 1 run(s), 3 hit(s), 0 error(s), 2 left on base; Belleville 0 - Myrtle Beach 3
TOP OF THE 5TH
Belleville Bulls batting - Pitching for Myrtle Beach Seahawks : LHP Carlos González
Batting: RHB Bartho Simonse 0-0: Called Strike
0-1: Foul Ball, location: 2F
0-2: Foul Ball, location: 2F
0-2: Foul Ball, location: 2F
0-2: Foul Ball, location: 2F
0-2: Strikes out swinging
Batting: RHB Eric Harvey 0-0: Fly out, F8 (Flyball, 89D)
Batting: RHB Júlio Robles 0-0: Called Strike
0-1: Foul Ball, location: 2F
0-2: Strikes out swinging
Top of the 5th over - 0 run(s), 0 hit(s), 0 error(s), 0 left on base; Belleville 0 - Myrtle Beach 3
BOTTOM OF THE 5TH
Myrtle Beach Seahawks batting - Pitching for Belleville Bulls : LHP Norberto Rodríguez
Batting: RHB Aquiles Morda 0-0: Called Strike
0-1: Swinging Strike
0-2: Ball
1-2: Strikes out swinging
Batting: SHB Quentin Harrop 0-0: Ball
1-0: Ball
2-0: Ball
3-0: Called Strike
3-1: Called Strike
3-2: Strikes out swinging
Batting: RHB Melvin Aikey 0-0: Ground out 4-3 (Groundball, 34)
Bottom of the 5th over - 0 run(s), 0 hit(s), 0 error(s), 0 left on base; Belleville 0 - Myrtle Beach 3
TOP OF THE 6TH
Belleville Bulls batting - Pitching for Myrtle Beach Seahawks : LHP Carlos González
Batting: RHB Vicente Mena 0-0: Called Strike
0-1: SINGLE (Flyball, 4MD)
Batting: LHB Tony Rodríguez 0-0: Swinging Strike
0-1: Ball
1-1: Ball
2-1: Called Strike
2-2: Strikes out swinging
Batting: LHB José Gómez 0-0: Ball
1-0: Fly out, F8 (Line Drive, 78M)
Batting: LHB Walt Lathon 0-0: Ball
1-0: Called Strike
1-1: Ball
2-1: Fly out, F7 (Flyball, 78S)
Top of the 6th over - 0 run(s), 1 hit(s), 0 error(s), 1 left on base; Belleville 0 - Myrtle Beach 3
BOTTOM OF THE 6TH
Myrtle Beach Seahawks batting - Pitching for Belleville Bulls : LHP Norberto Rodríguez
Batting: LHB Peter Ough 0-0: Called Strike
0-1: Ball
1-1: Foul Ball, location: 2F
1-2: Foul Ball, location: 2F
1-2: Ball
2-2: Foul Ball, location: 2F
2-2: Ball
3-2: Strikes out swinging
Batting: RHB Doug Allerdale 0-0: Ball
1-0: Ball
2-0: Hit by Pitch
Batting: RHB Juan Mata 0-0: Called Strike
0-1: Called Strike
0-2: Ball
1-2: Ball
2-2: Fly out, F5 (Line Drive, 5)
Batting: RHB Howard Lee 0-0: Ball
Wild Pitch!
Doug Allerdale to second
1-0: Ball
2-0: Called Strike
2-1: Ball
3-1: Swinging Strike
3-2: Foul Ball, location: 2F
3-2: Base on Balls
Batting: RHB Reece Cockin 0-0: Ball
1-0: Called Strike
1-1: Ball
2-1: Foul Ball, location: 2F
2-2: Fly out, F7 (Flyball, 7LS)
Bottom of the 6th over - 0 run(s), 0 hit(s), 0 error(s), 2 left on base; Belleville 0 - Myrtle Beach 3
TOP OF THE 7TH
Belleville Bulls batting - Pitching for Myrtle Beach Seahawks : LHP Carlos González
Batting: RHB Alejandro Serrato 0-0: Called Strike
0-1: Foul Ball, location: 2F
0-2: Ball
1-2: Foul Ball, location: 2F
1-2: Ball
2-2: Foul Ball, location: 2F
2-2: Strikes out looking
Batting: RHB Leonardo Sotelo 0-0: Ball
1-0: SINGLE (Line Drive, 56D)
Batting: RHB Bartho Simonse 0-0: Called Strike
0-1: Ball
1-1: Fly out, F6 (Popup, 56D)
Batting: RHB Eric Harvey 0-0: Ball
1-0: Swinging Strike
1-1: Ball
2-1: Swinging Strike
2-2: Strikes out looking
Top of the 7th over - 0 run(s), 1 hit(s), 0 error(s), 1 left on base; Belleville 0 - Myrtle Beach 3
BOTTOM OF THE 7TH
Myrtle Beach Seahawks batting - Pitching for Belleville Bulls : LHP Norberto Rodríguez
Batting: RHB Francisco Moreno 0-0: Ball
1-0: Fly out, F3 (Flyball, 3DF)
Batting: RHB Aquiles Morda 0-0: Called Strike
0-1: Ball
1-1: Ball
2-1: Swinging Strike
2-2: Fly out, F1 (Line Drive, 13)
Batting: SHB Quentin Harrop 0-0: Foul Ball, location: 2F
0-1: Ball
1-1: Foul Ball, location: 2F
1-2: Ball
2-2: Strikes out swinging
Bottom of the 7th over - 0 run(s), 0 hit(s), 0 error(s), 0 left on base; Belleville 0 - Myrtle Beach 3
TOP OF THE 8TH
Belleville Bulls batting - Pitching for Myrtle Beach Seahawks : LHP Carlos González
Batting: RHB Júlio Robles 0-0: Ball
1-0: Ground out 6-3 (Groundball, 6)
Batting: RHB Vicente Mena 0-0: Foul Ball, location: 2F
0-1: Fly out, F4 (Line Drive, 4)
Batting: LHB Tony Rodríguez 0-0: Called Strike
0-1: Called Strike
0-2: Strikes out swinging
Top of the 8th over - 0 run(s), 0 hit(s), 0 error(s), 0 left on base; Belleville 0 - Myrtle Beach 3
BOTTOM OF THE 8TH
Myrtle Beach Seahawks batting - Pitching for Belleville Bulls : LHP Norberto Rodríguez
Batting: RHB Melvin Aikey 0-0: Foul Ball, location: 2F
0-1: Ball
1-1: Swinging Strike
1-2: Foul Ball, location: 2F
1-2: Ground out 5-3 (Groundball, 5)
Pitching: RHP Nelson Cuevas
Batting: LHB Peter Ough 0-0: Called Strike
0-1: Ball
1-1: Ground out 4-3 (Groundball, 4S)
Batting: RHB Doug Allerdale 0-0: Called Strike
0-1: Called Strike
0-2: Ball
1-2: Strikes out swinging
Bottom of the 8th over - 0 run(s), 0 hit(s), 0 error(s), 0 left on base; Belleville 0 - Myrtle Beach 3
TOP OF THE 9TH
Belleville Bulls batting - Pitching for Myrtle Beach Seahawks : LHP Carlos González
Batting: LHB José Gómez 0-0: Fly out, F9 (Flyball, 9)
Batting: LHB Walt Lathon 0-0: Hit by Pitch
Pitching: RHP Sam Schultz
Pinch Runner at 1st Carlo Paulin:
Batting: RHB Alejandro Serrato 0-0: Called Strike
0-1: Ball
1-1: Ball
2-1: Swinging Strike
2-2: Ball
3-2: Foul Ball, location: 2F
3-2: Strikes out swinging
Carlo Paulin steals 2nd base
Batter strikes out.
Batting: RHB Leonardo Sotelo 0-0: Called Strike
0-1: Ground out 6-3 (Groundball, 6)
Top of the 9th over - 0 run(s), 0 hit(s), 0 error(s), 1 left on base; Belleville 0 - Myrtle Beach 3
Wednesday, August 30th, 2017 - OOTP Baseball 17.12 Build 75